[Event "*** SCC Grand Prix: Titled Tuesday Blitz"]
[Site "Chess.com"]
[Date "2020.06.23"]
[Round "6"]
[White "viditchess"]
[Black "Infernal_XaM"]
[Result "1-0"]
[WhiteElo "3028"]
[BlackElo "2811"]
[TimeControl "180+1"]
[EndTime "11:07:37 PDT"]
[Termination "viditchess won by resignation"]

1. d4 Nf6 2. c4 e5 3. dxe5 Ng4 4. Bf4 g5 5. Bg3 Bg7 6. h4 Nxe5 7. hxg5 Qxg5 8.
Qc2 Qg6 9. Qxg6 hxg6 10. Rxh8+ Bxh8 11. Nd2 d6 12. O-O-O Be6 13. e3 Nbd7 14. Ngf3 Nxf3 15.
Nxf3 Nc5 16. Nd4 Bd7 17. f3 O-O-O 18. Be2 Re8 19. Kd2 Na4 20. b3 Nc3 21. Kxc3 Rxe3+ 22. Kd2 Bxd4 23. Bf2 Re4 24. fxe4 Bxf2 25. Rf1 Bd4 26. Rxf7 Be6 27. Rh7 c5 28. Bf3 Be5 29. Re7 Bd7 30. Rf7 a6 31. Be2 b5 32. Rh7 b4 33. Ke3 a5 34. Rh6 g5 35. Rg6 Bf4+ 36. Kf2 Kc7 37. Rg7 Kd8 38. g3 Bc1 39. Bh5 a4 40. Ke2 a3 41.
Kd3 Be6 42. Bg6 Bh3 43. Bf5 Bf1+ 44. Kc2 Be3 45. Rd7+ Ke8 46. Rxd6 Ke7 47. Rd1 Bg2 48. Kd3 Bd4 49. Ke2 Kf6 50. Kd3 Ke5 51. Re1 Bf3 52.
Rf1 Bg2 53. Rb1 Bf3 54. Rc1 Bg2 55. Ke2 Bxe4 56. Bxe4 Kxe4 57. Rf1 Be5 58. Rf3 g4 59. Re3+ Kd4 60. Rd3+ Ke4 61. Rd5 Bd4 62. Rg5 Be5 63.
Rxg4+ Kf5 64. Kf3 1-0

[Event "*** SCC Grand Prix: Titled Tuesday Blitz"]
[Site "Chess.com"]
[Date "2020.06.23"]
[Round "6"]
[White "Alexandercs432"]
[Black "goofypenguin96"]
[Result "0-1"]
[WhiteElo "2100"]
[BlackElo "2346"]
[TimeControl "180+1"]
[EndTime "11:07:38 PDT"]
[Termination "goofypenguin96 won by resignation"]

1. e4 e6 2. d4 d5 3. Nd2 c5 4. exd5 Qxd5 5. Ngf3 cxd4 6. Bc4 Qd7 7. O-O Nc6 8. Nb3 Nf6 9. Nbxd4 Nxd4 10. Nxd4 a6 11. c3 b5 12. Bb3 Bb7 13. Qe2 Be7 14. Rd1 Qc7 15. Bg5 O-O 16. Re1 Kh8 17. Rad1 Bd6 18. h3 Ne4 19. Be3 Rad8 20. Bc2 Nf6 21. Bg5 Be7 22.
Qd3 g6 23. Qe2 Nd5 24. Bxe7 Nxe7 25. Qe5+ Qxe5 26. Rxe5 Nc6 27. Nxc6 Rxd1+ 28. Bxd1 Bxc6 29. Re2 Rd8 30. Bb3 Kg7 31. f3 a5 32. a3 a4 33.
Bc2 Kf6 34. Kf2 Bd5 35. Ke3 Bc4 36. Rd2 Rxd2 37. Kxd2 Kg5 38. Ke3 Kh4 39. Kf2 f5 40. Bb1 e5 41. Bc2 h5 42. Bb1 Kg5 43. Bc2 h4 44. Bb1 Kf4 45. Bc2 e4 46. fxe4 fxe4 47. Bb1 g5 48. Bc2 e3+ 49. Ke1 Kg3 50. Be4 Kf4 51.
Bc6 g4 52. hxg4 Kxg4 53. Be4 Kg3 54. Bc6 Bd3 55. Bb7 Bc4 56. Bc6 Kf4 57. Bb7 Bd3 58. Bf3 Ke5 59. Bc6 Kd6 60. Bf3 Kc5 61. Bd1 Kc4 62. Be2 Bxe2 63. Kxe2 Kb3 64. Kxe3 Kxb2 65. Kf4 Kxc3 66. Kg4 b4 67. Kxh4 bxa3 68. g4 a2 69. g5 a1=Q 70. g6 Qh1+ 71. Kg5 Qg1+ 72. Kf6 a3 0-1

[Event "*** SCC Grand Prix: Titled Tuesday Blitz"]
[Site "Chess.com"]
[Date "2020.06.23"]
[Round "6"]
[White "Irishchessman16"]
[Black "BogdanBelyakov89"]
[Result "0-1"]
[WhiteElo "2449"]
[BlackElo "2585"]
[TimeControl "180+1"]
[EndTime "11:07:39 PDT"]
[Termination "BogdanBelyakov89 won by resignation"]

1. e4 e5 2. Nf3 Nc6 3. d4 exd4 4. Nxd4 Nf6 5. Nxc6 bxc6 6. e5 Qe7 7. Qe2 Nd5 8. g3 g6 9. Bg2 Bg7 10. O-O O-O 11. c4 Nb6 12. Re1 a5 13. b3 Re8 14. Ba3 Qxe5 15. Qxe5 Rxe5 16. Rc1 a4 17. Bb2 axb3 18. axb3 Rxa1 19. Bxa1 Re8 20. Bxg7 Kxg7 21. Nc3 c5 22. Ra1 d6 23. h4 Bf5 24. Ra7 Re7 25.
Nb5 Bc2 26. Nxd6 Re1+ 27. Kh2 cxd6 28. Rb7 Nc8 29. Rb8 Ne7 30. Rb6 Rd1 31. Rb7 Nf5 32.
Bd5 Nh6 33. f3 Rd2+ 34. Kh3 Bd3 35. g4 Bf1+ 36. Kg3 Re2 37. Kf4 Re5 38. Rd7 Be2 39.
Rxd6 Re7 40. Rc6 Bd1 41. Rxc5 Bxb3 42. Rb5 Bc2 43. c5 Ng8 44. g5 Rc7 45. c6 Ne7 46. Ke5 Nxd5 47. Kxd5 Bf5 48. Kd6 Rc8 49. h5 Rd8+ 50.
Ke7 Rc8 51. h6+ Kg8 52. Kd6 Kf8 53. Rb7 Re8 54. Kc7 Re3 55. f4 Re4 56. Kd6 Re6+ 57. Kd5 Rxc6 58. Kxc6 Be4+ 59. Kc7 Bxb7 60. Kxb7 Ke7 61.
Kc6 Ke6 62. Kc5 Kf5 63. Kd6 Kxf4 64. Ke7 Kxg5 65. Kxf7 Kxh6 0-1

[Event "*** SCC Grand Prix: Titled Tuesday Blitz"]
[Site "Chess.com"]
[Date "2020.06.23"]
[Round "6"]
[White "crossingthestreet"]
[Black "talaicito"]
[Result "0-1"]
[WhiteElo "2367"]
[BlackElo "2124"]
[TimeControl "180+1"]
[EndTime "11:07:39 PDT"]
[Termination "talaicito won on time"]

1. d4 e6 2. Bf4 f5 3. Nc3 Nf6 4. f3 Bb4 5. Bd2 O-O 6. a3 Bxc3 7. Bxc3 d6 8. e3 Nc6 9. Bc4 Kh8 10. Nh3 e5 11. Ng5 Qe8 12. O-O h6 13. Nh3 f4 14.
Nf2 fxe3 15. Ng4 exd4 16. Nxf6 Rxf6 17. Bxd4 Nxd4 18. Qxd4 Be6 19. Bd3 Bf5 20. Rae1 Bxd3 21. Qxd3 Re6 22. Re2 Qe7 23. Rfe1 Re8 24. c4 Qg5 25. b3 a5 26. b4 axb4 27. axb4 b6 28. Qc3 Qe5 29. Qxe5 Rxe5 30. g3 g5 31. Kg2 Kg7 32. Rc1 Kg6 33. Rc3 Kf5 34. h3 h5 35.
Ra3 R8e7 36. Rc3 Re8 37. Ra3 R8e7 38. Rc3 g4 39. hxg4+ hxg4 40. Ra3 gxf3+ 41. Kxf3 Kg5 42. Raxe3 Rf7+ 43. Kg2 Rxe3 44. Rxe3 Kg4 45. Re4+ Kg5 46. b5 Rf5 47. g4 Rc5 48. Kg3 Kf6 49. Kf4 d5 50.
cxd5 Rxd5 51. g5+ Rxg5 52. Rc4 Rc5 53. Rb4 Ke6 54. Ke4 Kd6 55. Kd4 Rc1 56. Ra4 Rc5 57.
Rb4 Rc1 58. Ra4 c5+ 59. bxc6 Kxc6 60. Ra2 b5 61. Rh2 Rc4+ 62. Kd3 Kc5 63. Rh8 Kb4 64. Rb8 Rc5 65. Kd4 Rh5 66. Kd3 Kb3 67. Kd2 Kb2 68. Kd3 Rh3+ 0-1

[Event "*** SCC Grand Prix: Titled Tuesday Blitz"]
[Site "Chess.com"]
[Date "2020.06.23"]
[Round "6"]
[White "Harsha_Bharathakoti"]
[Black "Onischuk_V"]
[Result "0-1"]
[WhiteElo "2825"]
[BlackElo "2894"]
[TimeControl "180+1"]
[EndTime "11:07:40 PDT"]
[Termination "Onischuk_V won on time"]

1. d4 d6 2. e4 Nf6 3. Nc3 g6 4. Nf3 Bg7 5. Be2 O-O 6. O-O a6 7. a4 Nc6 8. h3 e5 9. dxe5 dxe5 10. Bc4 h6 11. Be3 Qe7 12. Qe2 Nb4 13. Rfd1 a5 14. Nd5 Nbxd5 15. exd5 Ne8 16. Bb3 b6 17. Re1 Nd6 18. c4 e4 19. Nd4 Bd7 20. Qd2 g5 21.
Nb5 Bxb5 22. cxb5 f5 23. Rac1 Rae8 24. Bd4 Rf7 25. Rc2 Bxd4 26. Qxd4 Qe5 27. Qxe5 Rxe5 28. Rec1 Ree7 29. Rc6 Rd7 30. Bd1 Kf8 31. Bh5 Rfe7 32. Kf1 Kg7 33. g3 Kf6 34. Be2 Ke5 35. Rd1 Rf7 36.
Bh5 Rg7 37. Be2 Rde7 38. Bh5 f4 39. Bg4 Rh7 40. Be6 h5 41. Kg2 h4 42. g4 Rhg7 43.
f3 e3 44. Kf1 Kf6 45. Ke2 Rh7 46. Rd4 Kg7 47. Rd3 Kf8 48. Rdc3 Ke8 49. Rc2 Kd8 50.
R2c3 Rh6 51. Rd3 Rf6 52. Rdc3 Ne8 53. Rd3 Rg7 54. Bf5 Rxc6 55. dxc6+ Nd6 56. Be6 Ke7 57. Bd7 Nc4 58. b3 Ne5 59. Rd5 Nxd7 60. Rxd7+ Kf6 61. Rd5 Ke6 62. Rd4 Ke5 63. Rd7 Kf6 64. Rd5 Ke6 65.
Rd4 Re7 66. Rd3 Kf6 67. Rd7 Rxd7 0-1

[Event "*** SCC Grand Prix: Titled Tuesday Blitz"]
[Site "Chess.com"]
[Date "2020.06.23"]
[Round "6"]
[White "Hangar-18"]
[Black "FMalexhdez"]
[Result "1-0"]
[WhiteElo "2346"]
[BlackElo "2113"]
[TimeControl "180+1"]
[EndTime "11:07:40 PDT"]
[Termination "Hangar-18 won on time"]

1. c4 e5 2. g3 Nf6 3. Bg2 d5 4. cxd5 Nxd5 5. Nc3 Nb6 6. e3 Nc6 7. Nge2 Be7 8. O-O O-O 9. f4 exf4 10. Nxf4 Nc4 11. b3 N4e5 12. d4 Bg4 13. Qd2 Ng6 14. Bb2 Qd7 15. Ncd5 Bd6 16. Rac1 h5 17. Qf2 h4 18. h3 Nxf4 19. Nxf4 Bxf4 20. gxf4 Bxh3 21. Qxh4 Bxg2 22. Kxg2 Qd5+ 23. Rf3 Rae8 24. Rh1 f6 25. Ba3 Ne7 26. Qh5 Qxh5 27. Rxh5 Kf7 28. Kf2 Rh8 29. Rfh3 Rxh5 30. Rxh5 c6 31. e4 Ng6 32. Ke3 Rh8 33.
Rxh8 Nxh8 34. f5 g6 35. Kf4 gxf5 36. Kxf5 Ng6 37. Bd6 Nh4+ 38. Kg4 Ng2 39. Bb8 a6 40.
Kf3 Nh4+ 41. Kg3 Ng6 42. Kg4 Ke6 43. Kh5 Nf8 44. Kg4 Nd7 45. Bc7 b5 46. b4 Nf8 47.
Kh5 Nh7 48. Kg6 Ng5 49. e5 fxe5 50.
Kxg5 exd4 51. Kf4 Kd5 52. Kf3 c5 53. a3 d3 54. Ke3 cxb4 55. axb4 Kc4 56. Bd6 Kc3 57.
Bc5 1-0

[Event "*** SCC Grand Prix: Titled Tuesday Blitz"]
[Site "Chess.com"]
[Date "2020.06.23"]
[Round "6"]
[White "Novoselski"]
[Black "Kavyev_Ruslan"]
[Result "0-1"]
[WhiteElo "2311"]
[BlackElo "2558"]
[TimeControl "180+1"]
[EndTime "11:07:41 PDT"]
[Termination "Kavyev_Ruslan won on time"]

1. e4 c5 2. Nc3 d6 3. Nf3 Nf6 4.
e5 dxe5 5. Nxe5 Nbd7 6. Bb5 a6 7. Bxd7+ Bxd7 8. O-O e6 9. d3 Qc7 10. Nxd7 Qxd7 11. Qe2 Be7 12. Bf4 O-O 13. Be5 Nd5 14. Nxd5 exd5 15. Qf3 f6 16. Bf4 Rae8 17. Rfe1 Bd8 18.
h3 b6 19. c4 dxc4 20. dxc4 Bc7 21. Red1 Qf7 22. Rd2 Be5 23. Bxe5 Rxe5 24. b3 Rfe8 25. Rad1 Qc7 26. g3 Re1+ 27. Kg2 Rxd1 28. Rxd1 Qe7 29.
Rd5 h6 30. Qd3 a5 31. Rd6 Qb7+ 32. Qf3 Qc7 33. Qd5+ Kh8 34. Rd7 Qc8 35. h4 Qb8 36.
Rb7 Qc8 37. Rxb6 Qg4 38. Rd6 Qe2 39. a4 Qc2 40. Rd8 Rxd8 41. Qxd8+ Kh7 42. Qxa5 Qxb3 43. Qb5 Qc2 44. Qxc5 Qe4+ 45. Kh2 Qc2 46. a5 Qa2 47. Kg2 Qb1 48. Qd5 Qa2 49. Qf5+ Kg8 50. Qd5+ Kh7 51.
h5 Qb3 52. a6 Qa4 53. Qe4+ Kg8 54. Qe6+ Kh7 55. c5 Qa1 56. Qe4+ Kg8 57. Qb7 Qd1 58.
a7 Kh7 59. a8=Q Qxh5 60. Qe4+ f5 61. Qf3 Qg6 62. Qac6 Qg5 63. Qcd5 f4 0-1

[Event "*** SCC Grand Prix: Titled Tuesday Blitz"]
[Site "Chess.com"]
[Date "2020.06.23"]
[Round "6"]
[White "reutik"]
[Black "GMMatamoros"]
[Result "0-1"]
[WhiteElo "2424"]
[BlackElo "2547"]
[TimeControl "180+1"]
[EndTime "11:07:42 PDT"]
[Termination "GMMatamoros won by checkmate"]

1. d4 Nf6 2. c4 c5 3. d5 g6 4.
Nc3 Bg7 5. e4 d6 6. f4 O-O 7.
Nf3 e6 8. Be2 exd5 9. cxd5 Bg4 10. O-O Nbd7 11. h3 Bxf3 12. Bxf3 Ne8 13. Kh2 a6 14. a4 Rb8 15. a5 b5 16. axb6 Rxb6 17. Qd3 Nc7 18. Ra2 Nb5 19. Nxb5 axb5 20. b4 cxb4 21.
Be3 Nc5 22. Qb1 b3 23. Ra3 b2 24. e5 b4 25. Ra5 Nd7 26. Qxb2 dxe5 27. Bxb6 Qxb6 28.
Ra4 Rb8 29. Rb1 b3 30. Bd1 Nc5 31. Rc4 exf4 32. Qa3 Bf8 33. Kh1 Bd6 34. Rxc5 Bxc5 35. Qxb3 Qxb3 36. Rxb3 Rxb3 37. Bxb3 Kf8 38. Kh2 Ke7 39.
g3 fxg3+ 40. Kxg3 f5 41. h4 Kf6 42. Kh3 Bd6 43. Bc4 Ke5 44. Bb3 Kd4 45. Kg2 Ke3 46.
Kf1 Kf3 47. Bd1+ Kg3 48. h5 g5 49. Bc2 Kg4 50. Bd1+ Kf4 51. Kg2 h6 52. Bc2 g4 53.
Kf2 Kg5 54. Kg2 f4 55. Bd1 Kxh5 56. Be2 Kg5 57. Bd1 h5 58. Be2 h4 59. Bd1 h3+ 60.
Kh1 Kh4 61. Be2 Bc5 62. Bd1 Kg3 63. d6 Bxd6 64. Be2 f3 65. Bf1 Kf2 66. Bxh3 g3 67. Bf1 g2+ 68. Bxg2 fxg2# 0-1

[Event "*** SCC Grand Prix: Titled Tuesday Blitz"]
[Site "Chess.com"]
[Date "2020.06.23"]
[Round "6"]
[White "Vaathi_Coming"]
[Black "lilleper1"]
[Result "1-0"]
[WhiteElo "2853"]
[BlackElo "2689"]
[TimeControl "180+1"]
[EndTime "11:07:44 PDT"]
[Termination "Vaathi_Coming won by resignation"]

1. g3 c5 2. Bg2 Nc6 3. c4 g6 4. Nc3 Bg7 5. d3 e6 6. Bxc6 dxc6 7. f4 Ne7 8. Nf3 O-O 9. Qd2 Nf5 10. b3 Nd4 11. Bb2 Nxf3+ 12. exf3 e5 13. fxe5 Bxe5 14. O-O-O Be6 15. Ne4 Bd4 16. h4 a5 17. h5 a4 18.
b4 cxb4 19. Qxb4 a3 20. Bxd4 Qxd4 21. Kc2 b5 22. Qc3 Qxc3+ 23. Kxc3 Ra4 24. Nc5 Ra7 25. hxg6 hxg6 26. Rh6 Kg7 27. Rdh1 Kf6 28. R6h4 bxc4 29. Rf4+ Kg7 30. Nxe6+ fxe6 31. Rxf8 Kxf8 32. dxc4 Rf7 33. Rf1 Rb7 34. Rf2 Ke7 35. Rd2 c5 36. Rh2 Kf6 37. Rd2 Ke7 38. Re2 Kf6 39. Rh2 Kf5 40.
Rd2 Kf6 41. Kd3 Rb4 42. Rc2 Rb1 43. Kc3 Rb4 44. Kd3 Rb1 45. Rc3 Rd1+ 46. Ke2 Rd4 47. Ke3 g5 48. Rxa3 Rxc4 49. Ra8 Rc3+ 50. Ke2 Ke5 51.
a4 Rc2+ 52. Kd3 Ra2 53. a5 Ra3+ 54. Ke2 c4 55. a6 Ra2+ 56. Ke3 Ra3+ 57. Ke2 Ra2+ 58.
Kd1 c3 59. a7 Ra1+ 60. Kc2 Ra3 61. f4+ gxf4 62. gxf4+ Ke4 63. f5 Kxf5 64. Rf8+ Ke5 65. a8=Q Rxa8 66. Rxa8 1-0

[Event "*** SCC Grand Prix: Titled Tuesday Blitz"]
[Site "Chess.com"]
[Date "2020.06.23"]
[Round "6"]
[White "2007checkmate"]
[Black "blitzking1729"]
[Result "0-1"]
[WhiteElo "2447"]
[BlackElo "2577"]
[TimeControl "180+1"]
[EndTime "11:07:45 PDT"]
[Termination "blitzking1729 won by resignation"]

1. Nc3 d5 2. d4 Nf6 3. Bf4 Bf5 4.
f3 e6 5. g4 Bg6 6. h4 h5 7. g5 Nfd7 8. e4 dxe4 9. fxe4 Nc6 10.
Nf3 Bb4 11. Bd3 Nxd4 12. Nxd4 e5 13. Be3 exd4 14. Bxd4 Qe7 15. Qe2 O-O-O 16. O-O-O Bxc3 17. Bxc3 Ne5 18. Qe3 Kb8 19. Qg3 Rhe8 20. Bb5 Rxd1+ 21.
Rxd1 c6 22. Bf1 a6 23. Bh3 Ka7 24. Qe3+ c5 25. Rd5 Nc4 26. Qxc5+ Qxc5 27. Rxc5 Rxe4 28. b3 Nb6 29. Bf5 Rxh4 30. Bxg7 Rf4 31. Bxg6 fxg6 32. a4 h4 33. a5 Nd7 34. Rd5 Rf7 35. Bd4+ Kb8 36.
Rd6 h3 37. Rxg6 Rh7 38. Rg8+ Kc7 39. Be3 h2 40. Bf4+ Kc6 41. Rg6+ Kb5 42. Bxh2 Rxh2 43. Rg7 Kc6 44. g6 Rg2 45. Kb2 Ne5 46. Kc3 Rxg6 47.
Re7 Rg3+ 48. Kb4 Nd7 49. Re6+ Kc7 50. c4 Rg7 51. Rh6 Nb8 52. Rh5 Nc6+ 53. Ka4 Re7 54. b4 Re5 55. Rh7+ Re7 56. Rh5 Re4 57. Rc5 Kd6 58.
Rd5+ Kc7 59. Rc5 Kb8 60. b5 axb5+ 61. Kxb5 Ka7 62. a6 Nd4+ 63. Ka5 b6+ 64. Kb4 bxc5+ 65. Kxc5 Nf3 66. Kd5 Re3 67. c5 Kxa6 68. c6 Kb6 69. Kd6 Rd3+ 0-1

[Event "*** SCC Grand Prix: Titled Tuesday Blitz"]
[Site "Chess.com"]
[Date "2020.06.23"]
[Round "6"]
[White "crazy_but_lazy"]
[Black "chessplayer9919"]
[Result "1/2-1/2"]
[WhiteElo "2321"]
[BlackElo "2515"]
[TimeControl "180+1"]
[EndTime "11:07:46 PDT"]
[Termination "Game drawn by repetition"]

1. d4 Nf6 2. c4 c5 3. Nf3 cxd4 4. Nxd4 Nc6 5. g3 e6 6. Bg2 Be7 7. O-O O-O 8. Nc3 a6 9. b3 Qc7 10. Bb2 d6 11. Qd2 Bd7 12. Rac1 Nxd4 13. Qxd4 Rac8 14. Rfd1 Rfd8 15. Rd2 Qb8 16. a4 Bc6 17. e4 Ne8 18. Nd5 exd5 19. exd5 Bd7 20. Re1 Bf6 21. Qf4 Bxb2 22.
Rxb2 Nf6 23. Rbe2 Re8 24. h3 h6 25. g4 Rxe2 26. Rxe2 Re8 27. Rxe8+ Bxe8 28. Qe3 b5 29. cxb5 axb5 30. a5 Qc8 31. b4 Nd7 32. Qe7 Ne5 33. Be4 Qc1+ 34. Kg2 Qc8 35. a6 Qd7 36. Qxd7 Nxd7 37.
a7 Nb6 38. Bf5 Kf8 39. Bc8 Ke7 40. Bb7 Kd8 41. a8=Q+ Nxa8 42. Bxa8 Kc7 43. Kf3 Kb8 44. Bc6 Bxc6 45. dxc6 Kc7 46. Ke4 Kxc6 47. Kd4 Kc7 48. Kd5 Kd7 49. f4 Kc7 50. h4 g6 51. Kd4 Kc6 52.
Ke4 Kc7 53. Kd5 Kd7 54. Kd4 Ke6 55. Ke4 d5+ 56. Kd4 Kd6 57. h5 gxh5 58. gxh5 Ke6 59. Kc5 d4 60. Kxd4 Kd6 61. f5 f6 62. Ke4 Kc6 63.
Kd4 Kd6 64. Ke4 Kc6 65. Kd4 Kd6 1/2-1/2

[Event "*** SCC Grand Prix: Titled Tuesday Blitz"]
[Site "Chess.com"]
[Date "2020.06.23"]
[Round "6"]
[White "Omk124"]
[Black "Ze-Pequeno"]
[Result "1-0"]
[WhiteElo "2385"]
[BlackElo "2170"]
[TimeControl "180+1"]
[EndTime "11:07:46 PDT"]
[Termination "Omk124 won on time"]

1. e4 Nf6 2. e5 Nd5 3. d4 d6 4.
c4 Nb6 5. exd6 exd6 6. Nf3 Be7 7. Be2 O-O 8. O-O Bg4 9. b3 Re8 10. Bb2 Bf6 11. Nbd2 Nc6 12. h3 Bh5 13. Re1 a5 14. a3 d5 15. c5 Nd7 16. Qc1 Nf8 17. Bc3 Ne6 18. Qb2 Nf4 19. Bf1 Qd7 20. b4 axb4 21. axb4 Rxa1 22. Qxa1 Rxe1 23. Qxe1 h6 24. b5 Ne7 25. Qe3 g5 26. Ne5 Qe6 27. Ndf3 c6 28. b6 Bxf3 29. Nxf3 Qd7 30. Ne5 Qe6 31. Kh2 Nf5 32.
Qd2 Bxe5 33. dxe5 Ng6 34. Qa2 Kg7 35. Bd3 Nxe5 36. Ba6 d4 37. Qxe6 fxe6 38. Ba5 Nd7 39. Bxb7 Nxc5 40. Bxc6 Kf6 41. b7 Na6 42. Bc7 d3 43.
b8=Q Nxb8 44. Bxb8 d2 45. Ba4 Nd4 46. Ba7 e5 47. Bxd4 exd4 48. Kg1 Ke5 49. Kf1 d3 50.
Bd1 Kd4 51. f3 Kc3 52. Kf2 Kb2 53. Ke3 Kc1 54. Ba4 d1=Q 55. Bxd1 Kxd1 56. Kxd3 Ke1 57. Ke4 Kf2 58. g4 Kg3 59. Kf5 Kxf3 60. Kg6 Kg3 61. Kxh6 Kh4 62. Kg6 Kxh3 63. Kxg5 1-0

[Event "*** SCC Grand Prix: Titled Tuesday Blitz"]
[Site "Chess.com"]
[Date "2020.06.23"]
[Round "6"]
[White "KaterynaLagno"]
[Black "Siniauski"]
[Result "1/2-1/2"]
[WhiteElo "2669"]
[BlackElo "2504"]
[TimeControl "180+1"]
[EndTime "11:07:48 PDT"]
[Termination "Game drawn by repetition"]

1. e4 e6 2. d4 d5 3. Nd2 c5 4. exd5 Qxd5 5. Ngf3 cxd4 6. Bc4 Qd8 7. O-O Nc6 8. Nb3 a6 9. Nbxd4 Nxd4 10. Nxd4 Bd6 11.
Nf3 Ne7 12. Qe2 O-O 13. Bd3 Ng6 14. Rd1 Qc7 15. Qe4 Bd7 16. h4 Bc6 17. Qg4 f5 18. Qc4 Bxf3 19. gxf3 Rae8 20. Qxc7 Bxc7 21. h5 Nf4 22.
Bxf4 Bxf4 23. Bc4 Kf7 24. Rd7+ Re7 25. Rad1 Kf6 26. a4 Rxd7 27. Rxd7 Rf7 28. Rd8 Rc7 29. b3 b5 30. axb5 axb5 31. Bxb5 Rxc2 32. Bc4 e5 33. Rf8+ Kg5 34. Bd3 Rc1+ 35. Kg2 g6 36.
hxg6 hxg6 37. b4 Rc3 38. Rd8 Rb3 39. b5 Rb2 40. Kf1 Kf6 41. Rd6+ Kg5 42. Rc6 Bd2 43. Rc5 Ba5 44. Rxe5 Bb6 45. Be2 Rb1+ 46. Kg2 Rb2 47. Re6 Bc5 48. Kg3 Rb3 49. Bc4 Rb4 50. Bf1 Rb3 51.
Rc6 Bd4 52. Rc4 Bb6 53. Ra4 Rb2 54. f4+ Kh6 55. Ra6 Bxf2+ 56. Kf3 Bg1 57. Bc4 Rb4 58.
Bd3 Rb3 59. Ke2 Rb2+ 60. Kd1 Be3 61. Bxf5 Rxb5 62. Bxg6 Rb6 63. Rxb6 Bxb6 64. f5 Kg7 65. Ke2 Kf6 66. Kf3 Bc7 67. Kg4 Bd6 68. Kf3 Be7 69. Ke4 Bd6 70. Kf3 Be5 71. Kg4 Bd6 72. Kf3 1/2-1/2

[Event "*** SCC Grand Prix: Titled Tuesday Blitz"]
[Site "Chess.com"]
[Date "2020.06.23"]
[Round "6"]
[White "shnitez"]
[Black "Chess_Boxer123"]
[Result "0-1"]
[WhiteElo "2513"]
[BlackElo "2725"]
[TimeControl "180+1"]
[EndTime "11:07:52 PDT"]
[Termination "Chess_Boxer123 won on time"]

1. d4 d5 2. c4 c6 3. Nf3 Nf6 4. Nc3 e6 5. e3 Nbd7 6. Qc2 Bd6 7. b3 O-O 8. Bb2 b6 9. Bd3 Bb7 10. O-O Qe7 11. e4 dxe4 12. Nxe4 Nxe4 13. Bxe4 Nf6 14.
Bd3 h6 15. Rfe1 c5 16. d5 Rae8 17. dxe6 Bxf3 18. exf7+ Qxf7 19. Bg6 Rxe1+ 20. Rxe1 Qd7 21. gxf3 Qh3 22. Be5 Bxe5 23. Rxe5 Qxf3 24. Qe2 Qf4 25. Rf5 Qd4 26. Qe6+ Kh8 27. Qe7 Rd8 28. h3 Qd1+ 29. Kg2 Qd4 30. Kg1 Rg8 31. Kg2 Qb2 32. Kg1 Qxa2 33. Kg2 Qb2 34. Qxa7 Qxb3 35. Rxf6 Qxc4 36.
Qf7 Qxf7 37. Rxf7 Rb8 38. Rc7 Kg8 39. Kf3 Kf8 40. Ke4 b5 41. Rxc5 b4 42. Rc2 b3 43.
Rb2 Ke7 44. f4 Kf6 45. f5 Rb4+ 46. Kd3 Rh4 47. Rxb3 Rxh3+ 48. Kc2 Rh2+ 49. Kc3 Rh3+ 50. Kc4 Rh4+ 51. Kd5 h5 52. Rb6+ Kg5 53. Rb7 Kh6 54.
Rb6 Kg5 55. Ke5 Rh1 56. Bf7 Re1+ 57. Kd4 h4 58. Rg6+ Kxf5 59. Rxg7 h3 60. Bd5 h2 61. Rf7+ Kg4 62. Rh7 Kg3 63. Rg7+ Kf2 64. Rh7 Kg3 65. Rg7+ Kf4 66. Rh7 Rd1+ 67. Kc5 Rd2 68. Kd6 Ke3 69. Rf7 h1=Q 70. Re7+ Kf4 71. Rf7+ Kg5 0-1

[Event "*** SCC Grand Prix: Titled Tuesday Blitz"]
[Site "Chess.com"]
[Date "2020.06.23"]
[Round "6"]
[White "kleopl"]
[Black "serhanberat_ozdemir"]
[Result "0-1"]
[WhiteElo "2400"]
[BlackElo "2537"]
[TimeControl "180+1"]
[EndTime "11:07:54 PDT"]
[Termination "serhanberat_ozdemir won by checkmate"]

1. c4 Nf6 2. Nc3 g6 3. g3 Bg7 4. Bg2 O-O 5. e4 d6 6. Nge2 c5 7. O-O Nc6 8. d3 a6 9. h3 Rb8 10. a4 Ne8 11. Be3 Nc7 12. d4 cxd4 13. Nxd4 Bd7 14.
Qd2 Nxd4 15. Bxd4 b5 16. axb5 axb5 17. cxb5 Nxb5 18. Nxb5 Rxb5 19. b4 Bxd4 20. Qxd4 Qb6 21. Qxb6 Rxb6 22. Ra7 Rd8 23. Rb1 Kf8 24. Bf1 Bc6 25.
Bd3 Rdb8 26. Rc7 Ba4 27. Ra7 Rxb4 28. Rxa4 Rxb1+ 29. Bxb1 Rxb1+ 30. Kg2 Rb2 31. h4 h5 32. Kf3 Rb3+ 33. Kf4 f6 34. Ra8+ Kf7 35. Ra7 Ke8 36.
Ra8+ Kd7 37. Ra7+ Kd8 38. Ra8+ Kc7 39. Ra7+ Rb7 40. Ra3 Kd7 41. Kf3 Rb5 42. Rc3 Ke6 43. Rc7 Rb3+ 44. Ke2 Rb2+ 45. Ke3 Rb3+ 46. Ke2 Rb4 47.
Ke3 Ra4 48. Rb7 Ra5 49. Rc7 Re5 50. Kf3 f5 51. exf5+ Kxf5 52. Rc8 Ra5 53. Rf8+ Ke6 54. Rg8 Kf6 55. Rf8+ Kg7 56. Re8 Kf7 57. Rb8 Ra3+ 58. Ke2 Ra2+ 59. Ke3 Ra3+ 60. Ke2 d5 61. Rb6 e6 62.
Rb7+ Kf6 63. Rb6 Kf5 64. Rb8 d4 65. Rf8+ Ke4 66. Rf6 Ra2+ 67. Kf1 e5 68. Rxg6 d3 69. Rd6 Ra1+ 70. Kg2 Ra4 71. Rd8 Rd4 72. f3+ Ke3 73.
Re8 d2 74. Rxe5+ Kd3 75. Rxh5 d1=Q 76. Rf5 Qe2+ 77. Kh3 Qf1+ 78. Kh2 Ke3 79. Re5+ Kf2 80. h5 Qg2# 0-1

[Event "*** SCC Grand Prix: Titled Tuesday Blitz"]
[Site "Chess.com"]
[Date "2020.06.23"]
[Round "6"]
[White "larbiben"]
[Black "Resignify"]
[Result "1-0"]
[WhiteElo "2027"]
[BlackElo "2119"]
[TimeControl "180+1"]
[EndTime "11:07:54 PDT"]
[Termination "larbiben won on time"]

1. e4 d6 2. d4 Nf6 3. Nc3 g6 4. f4 Bg7 5. Nf3 O-O 6. Be2 b6 7. O-O c5 8. dxc5 dxc5 9. e5 Ng4 10. h3 Nh6 11. g4 Nc6 12. Ne4 Bb7 13. Ng3 Nd4 14. Nxd4 cxd4 15. Bf3 Bxf3 16. Qxf3 f5 17. g5 Nf7 18. b3 e6 19. Bb2 Rc8 20. Rf2 Rc7 21.
Rd1 Qc8 22. Qg2 Re8 23. Bxd4 Rd8 24. Rfd2 Bf8 25. c3 Rcd7 26. h4 Qa6 27. h5 Qa5 28. b4 Qa4 29. hxg6 hxg6 30. Ne2 a5 31. bxa5 Qxa5 32.
Qc6 Qd5 33. Qxd5 Rxd5 34. Rb1 b5 35. Rdb2 b4 36. cxb4 Rxd4 37. Nxd4 Rxd4 38. Rf1 Bxb4 39. a3 Bc5 40. Kg2 Bxa3 41. Ra2 Bc5 42. Rff2 Rd5 43.
Rfd2 Rxd2+ 44. Rxd2 Kf8 45. Rd7 Be7 46. Kf3 Nd8 47.
Rc7 Ke8 48. Rc8 Kd7 49. Rc1 Nc6 50. Rd1+ Kc7 51. Rh1 Nb4 52. Rh6 Nd5 53. Rxg6 Kd7 54.
Rg7 Ke8 55. Rg8+ Bf8 56. Rh8 Kf7 57. Rh7+ Bg7 58. Rh1 Kg6 59. Rb1 Kf7 60. Rb7+ Kf8 61. Rb8+ Kf7 62. Rb7+ Kf8 63. Ra7 Kg8 64. g6 Bf8 65.
Rd7 Bg7 66. Rd6 1-0

[Event "*** SCC Grand Prix: Titled Tuesday Blitz"]
[Site "Chess.com"]
[Date "2020.06.23"]
[Round "6"]
[White "budda"]
[Black "elohunter1999"]
[Result "1-0"]
[WhiteElo "2339"]
[BlackElo "2456"]
[TimeControl "180+1"]
[EndTime "11:07:55 PDT"]
[Termination "budda won on time"]

1. e4 e5 2. Nf3 Nc6 3. d4 exd4 4. Nxd4 Nf6 5. Nxc6 bxc6 6. e5 Qe7 7. Qe2 Nd5 8. c4 Ba6 9. b3 g6 10. g3 Bg7 11.
Bb2 O-O 12. Bg2 Rae8 13. O-O Bxe5 14. Qxe5 Qxe5 15. Bxe5 Rxe5 16. cxd5 Bxf1 17. Kxf1 cxd5 18. Nc3 c6 19. Rd1 a5 20. Bf3 Ra8 21. Rc1 Kf8 22. Na4 Ke7 23. Rc5 Kd6 24. h4 h5 25. Be2 Rae8 26. Bf3 Re1+ 27. Kg2 Ra1 28. Rc2 Ree1 29. Be2 d4 30. Nb2 Rec1 31. Rd2 c5 32. Nc4+ Ke6 33. Nxa5 d5 34. Nc6 Kd6 35. Nd8 f5 36. Nf7+ Ke6 37. Nd8+ Kf6 38. Nc6 g5 39. hxg5+ Kxg5 40. Ne7 f4 41.
Nxd5 fxg3 42. fxg3 h4 43. gxh4+ Kxh4 44. Kf3 Rg1 45. Ke4 Rg2 46. Kd3 Rc1 47. a4 Rg3+ 48. Ke4 Rxb3 49. a5 Re1 50. a6 Ra3 51. Kf4 Ra4 52.
Bb5 Ra3 53. Rh2+ Rh3 54. Rxh3+ Kxh3 55. Ba4 Ra1 56. Nb6 d3 57. Ke3 c4 58. a7 Re1+ 59.
Kd2 Re2+ 60. Kd1 c3 61. a8=Q c2+ 62. Bxc2 dxc2+ 63. Kc1 Re1+ 64. Kxc2 Rg1 65. Qh8+ Kg2 66. Qg8+ Kf1 67. Qf8+ Ke1 68. Nd5 Rg2+ 69. Kd3 Rd2+ 70. Kc4 Rc2+ 71. Nc3 Rf2 72. Qe7+ Kf1 73. Qe4 Kg1 74.
Nd5 Kf1 75. Nf4 Rh2 76. Qf3+ 1-0